 Dungeon Crawl Stone Soup version 0.27.1 (webtiles) character file.

Game seed: 11681958907178699703

65 Malachi the Skirmisher (level 4, -3/38 HPs)
             Began as a Barachi Fighter on Aug 21, 2021.
             Slain by an ogre (16 damage)
             ... on level 2 of the Dungeon.
             The game lasted 00:02:19 (1383 turns).

Malachi the Skirmisher (Barachi Fighter)            Turns: 1383, Time: 00:02:19

Health: -3/38      AC:  6    Str: 18    XL:     4   Next: 13%
Magic:  4/4        EV:  7    Int:  8    God:
Gold:   50         SH:  9    Dex: 12    Spells: 3/3 levels left

rFire    . . .     SeeInvis .   a - +0 long sword
rCold    . . .     Faith    .   c - +0 kite shield
rNeg     . . .     Spirit   .   b - +0 scale mail
rPois    .         Reflect  .   (no helmet)
rElec    .         Harm     .   (no cloak)
rCorr    .         Rampage  .   (no gloves)
Will     .....                  (no boots)
Stlth    ..........             (no amulet)
HPRegen  0.12/turn              (no ring)
MPRegen  0.09/turn              (no ring)

@: slow
A: amphibious, slowness 1, strong legs 1, +LOS
a: Hop


You were on level 2 of the Dungeon.
You visited 1 branch of the dungeon, and saw 2 of its levels.

You collected 50 gold pieces.

Inventory:

Hand Weapons
 a - a +0 long sword (weapon)
Armour
 b - a +0 scale mail (worn)
 c - a +0 kite shield (worn)
 l - a +3 ring mail
Jewellery
 i - a +6 ring of intelligence
 k - an amulet of regeneration
Scrolls
 e - a scroll of blinking {unknown}
 h - a scroll of fear
 j - a scroll of enchant weapon
Potions
 d - a potion of might
 f - a potion of curing {unknown}
 g - a potion of haste {unknown}


   Skills:
 * Level 4.5 Fighting
 * Level 4.2 Long Blades
 - Level 3.6 Armour
 + Level 0.3 Dodging
 - Level 3.3 Shields


You had 3 spell levels left.
You didn't know any spells.
Your spell library contained the following spells:

 Spells                   Type           Power      Damage    Failure   Level
 Sting                    Tmut/Pois      0%         1d3       99%         1
 Poisonous Vapours        Pois/Air       0%         N/A       100%        2
 Static Discharge         Conj/Air       0%         N/A       100%        2
 Portal Projectile        Hex/Tloc       0%         N/A       100%        3
 Olgreb's Toxic Radiance  Pois           0%         N/A       100%        4
 Blade Hands              Tmut           0%         N/A       100%        5
 Excruciating Wounds      Necr           0%         N/A       100%        5
 Lightning Bolt           Conj/Air       0%         1d11      100%        5
 Malign Gateway           Summ/Tloc      0%         N/A       100%        7
 Maxwell's Capacitive Co  Air            0%         ∞         100%        8
 Summon Horrible Things   Summ           0%         N/A       100%        8


Dungeon Overview and Level Annotations

Branches:
Dungeon (2/15)

Altars:


Innate Abilities, Weirdness & Mutations

You are amphibious.
You cover ground slowly.
You can hop short distances.
You have an extended range of vision and can be seen from far away.


Message History

You kill the ball python!
No target in view!
No target in view!
A quokka comes into view.
You see here a +3 ring mail.
l - a +3 ring mail A ball python and an ogre come into view.
The ogre shouts!
The ball python hisses angrily.
Found 21 stones.
You block the quokka's attack.
You miss the quokka.
The quokka bites you but does no damage. x2
You slash the quokka!
You kill the quokka!
The ball python barely misses you. x2
You closely miss the ball python. You block the ball python's attack.
The ball python barely misses you. The ball python closely misses you.
You riposte.
You closely miss the ball python. You block the ball python's attack.
You hit the ogre.
The ogre is lightly wounded.
You block the ogre's attack. You block the ball python's attack.
The ball python grabs you. The ball python constricts you.
The ogre barely misses you.
You riposte.
You slash the ogre!
The ogre is heavily wounded.
The ball python bites you but does no damage.
The ball python constricts you.
You slash the ball python!
You kill the ball python!
The ogre hits you with a +0 giant club!!
Ouch! That really hurt!
You are too injured to fight recklessly!
You are too injured to fight recklessly!
Unknown command.
You slash the ogre!
The ogre is almost dead.
You block the ogre's attack.
You barely miss the ogre.
The ogre is almost dead.
The ogre hits you with a +0 giant club!
You die...

#... ##### ### #######
#.#. #.... ...
.....#####.#.
.#.....#.### #.#.##....#.
.......#.##.###.....#####
.......#.###.#.####....#.
##...........## ####.#.
#.......†.....# #.#.
#.#.###@#####.# #...
.........O....... ##..
##...###.##.......# #.#
#. ..# (.....# #.# ..#
.....# #.# .... ....# #.#
#... ....#####.# ....
.......... #...
...#######


You could see an ogre.

Vanquished Creatures
  An adder (D:2)
  A worm (D:2)
  12 ball pythons
  3 bats
  4 endoplasms
  2 giant cockroaches (D:1)
  10 goblins
  A hobgoblin (D:1)
  4 jackals
  4 quokkas
  A frilled lizard (D:1)
  2 kobolds (D:1)
  2 rats
47 creatures vanquished.

Vanquished Creatures (others)
  A plant (D:1)
1 creature vanquished.

Grand Total: 48 creatures vanquished

Notes
Turn   | Place    | Note
-------+----------+-------------------------------------------
     0 | D:1      | Malachi the Barachi Fighter began the quest for the Orb.
     0 | D:1      | Reached XP level 1. HP: 18/18 MP: 1/1
    66 | D:1      | Reached XP level 2. HP: 25/25 MP: 2/2
   219 | D:1      | Reached XP level 3. HP: 29/30 MP: 3/3
   684 | D:1      | Found a faded altar of an unknown god.
  1114 | D:2      | Reached XP level 4. HP: 14/38 MP: 4/4
  1375 | D:2      | Noticed an ogre
  1383 | D:2      | Slain by an ogre

Illustrated notes

Levels and vault maps discovered:
D:1:      minmay_arrival_shoal_huts, layout_rooms,
          hellmonk_ecumenical_altar_leap_of_faith, serial_forest,
          infiniplex_forest_end_double, infiniplex_forest_clump_small,
          infiniplex_forest_clump_double, infiniplex_forest_lined_2,
          infiniplex_forest_clump_C
D:2:      layout_loops_ring, kennysheep_another_room

Skill      XL: |  1  2  3 |
---------------+----------+-----
Fighting       | 4 |  4.5
Long Blades    | 3 4 |  4.2
Armour         | |  3.6
Dodging        | |  0.3
Shields        | |  3.3

Action                   |  1- 3 |  4- 6 || total
-------------------------+-------+-------++-------
Melee: Long sword        |   101 |    18 ||   119
  Use: Scroll            |     2 |       ||     2
Armor: Scale mail        |    46 |     7 ||    53
Dodge: Dodged            |    45 |     8 ||    53
Block: Kite shield       |    54 |    16 ||    70
       Rpst.: Long sword |    20 |     5 ||    25
